 Dungeon Crawl Stone Soup version 0.30-a0-778-g2ef04afb54 (webtiles) character file.

Game seed: 14860283265554043512

37 porpoise the Sneak (level 3, -2/23 (25) HPs)
             Began as a Gnoll Enchanter on Feb 16, 2023.
             Slain by Crazy Yiuf
             ... wielding a +2 quarterstaff of chaos
              (8 damage)
             ... on level 2 of the Dungeon.
             The game lasted 00:04:05 (1558 turns).

porpoise the Sneak (Gnoll Enchanter)                Turns: 1558, Time: 00:04:05

HP:   -2/23 (25)    AC:  3    Str:  7    XL:     3   Next: 39%
MP:   6/9           EV: 13    Int: 16    God:
Gold: 41            SH:  0    Dex: 12    Spells: 4/12 levels left

rFire   . . .      SeeInvis .    a - +1 dagger
rCold   . . .      Faith    .    (no shield)
rNeg    . . .      Spirit   .    b - +0 robe
rPois   .          Reflect  .    h - +0 helmet
rElec   .          Harm     .    (no cloak)
rCorr   .          Rampage  .    (no gloves)
Will    .....                    (no boots)
Stlth   +++                      (no amulet)
HPRegen 0.23/turn                (no ring)
MPRegen 0.11/turn                (no ring)

@: drained
A: fangs 1, strong nose, distributed training
a: no special abilities


You were on level 2 of the Dungeon.
You visited 1 branch of the dungeon, and saw 2 of its levels.

You collected 41 gold pieces.

Inventory:

Hand Weapons
 a - a +1 dagger (weapon)
Missiles
 k - 6 atropa-tipped darts (quivered)
Armour
 b - a +0 robe (worn)
 h - a +0 helmet (worn)
Jewellery
 f - a ring of ice
Scrolls
 d - a scroll of teleportation {unknown}
 j - a scroll of identify {unknown}
Potions
 c - 2 potions of invisibility
 e - a potion of magic {unknown}
 g - 3 potions of heal wounds {unknown}
 i - a potion of curing {unknown}


   Skills:
 + Level 0.8 Fighting
 + Level 2.6 Short Blades
 + Level 0.8 Long Blades
 + Level 0.8 Axes
 + Level 0.8 Maces & Flails
 + Level 0.8 Polearms
 + Level 0.8 Staves
 + Level 0.8 Ranged Weapons
 + Level 0.8 Throwing
 + Level 0.8 Armour
 + Level 4.5 Dodging
 + Level 6.0 Stealth
 + Level 0.8 Shields
 + Level 0.8 Unarmed Combat
 + Level 5.0 Spellcasting
 + Level 0.5 Conjurations
 + Level 5.4 Hexes
 + Level 0.5 Summonings
 + Level 0.5 Necromancy
 + Level 0.5 Translocations
 + Level 0.5 Transmutations
 + Level 0.5 Fire Magic
 + Level 0.5 Ice Magic
 + Level 0.5 Air Magic
 + Level 0.5 Earth Magic
 + Level 0.5 Poison Magic
 + Level 1.0 Invocations
 + Level 0.8 Evocations


You had 4 spell levels left.
You knew the following spells:

 Your Spells              Type           Power      Damage    Failure   Level
a - Confusing Touch       Hex            21%        N/A       4%          3
e - Ensorcelled Hibernat  Hex/Ice        26%        N/A       7%          2
t - Tukima's Dance        Hex            21%        N/A       4%          3

Your spell library contained the following spells:

 Spells                   Type           Power      Damage    Failure   Level
 Dazzling Flash           Conj/Hex       26%        N/A       13%         3
 Sublimation of Blood     Necr           5%         N/A       19%         2
 Wereblood                Tmut           5%         N/A       19%         2
 Summon Hydra             Summ           2%         N/A       100%        7


Dungeon Overview and Level Annotations

Branches:
Dungeon (2/15)

Altars:

Annotations:
D:2 Crazy Yiuf


Innate Abilities, Weirdness & Mutations

You have very sharp teeth.
Your uncanny sense of smell can sniff out nearby items.
Your experience applies equally to all skills.


Message History

[Y]es or [N]o only, please.
The spell is quite dangerous to miscast (4% risk of failure)!
Continue anyway?
Your hands begin to glow red.
The goblin hits you but does no damage.
You miss the goblin. You closely miss the goblin. You bite the goblin.
The goblin is moderately wounded.
The goblin barely misses you.
You hit the goblin but do no damage.
The goblin appears confused.
The goblin is moderately wounded.
The goblin says, "I'm a little confused."
The goblin misses you.
You hit the goblin.
The goblin is heavily wounded.
The goblin asks, "Where am I?"
You strike the helpless goblin from behind!
You puncture the goblin!
You kill the goblin!
No target in view!
Found a hammer.
Found a runed translucent door.
Crazy Yiuf shouts!
Crazy Yiuf screams, "Rifle stair snockshim!"
Casting: Confusing Touch (quite dangerous; 4% risk of failure)
Confirm with . or Enter, or press ? or * to list all spells.
The spell is quite dangerous to miscast (4% risk of failure)!
Continue anyway? [Y]es or [N]o only, please.
The spell is quite dangerous to miscast (4% risk of failure)!
Continue anyway?
Okay, then.
Unknown command.
Casting: Confusing Touch (quite dangerous; 4% risk of failure)
Confirm with . or Enter, or press ? or * to list all spells.
The spell is quite dangerous to miscast (4% risk of failure)!
Continue anyway?
Your hands begin to glow red.
You open the door. You hit Crazy Yiuf but do no damage.
Crazy Yiuf appears confused.
Your bite misses Crazy Yiuf.
Crazy Yiuf hits you with a +2 quarterstaff of chaos!!
Ouch! That really hurt!
* * * LOW HITPOINT WARNING * * *
You feel drained.
You die...

###.............#.........####.
#......###########.........## .
.......# #.........## .#
......# ##### #........... .#
.....S# #..)# #...#.......
#...# #...#....... ...
#.###......# #g# #.#####.....
♣♣@♣ #...######.# ♣.♣♣
###........# ♣♣.♣ #.>#######
♣.♣♣ ##.# ##### ♣♣.♣♣ #.# #....
♣...♣♣ #.# #.### ♣....♣ #.#
#.... #....# #.# #..## #....#
#.###..#


You could see Crazy Yiuf (confused).

Vanquished Creatures
  An adder (D:2)
  4 ball pythons
  3 endoplasms (D:1)
  A giant cockroach (D:1)
  4 goblins
  3 jackals (D:1)
  A quokka (D:2)
  4 bats
  A frilled lizard (D:1)
  A kobold (D:1)
  2 rats
25 creatures vanquished.

Notes
Turn   | Place    | Note
-------+----------+-------------------------------------------
     0 | D:1      | porpoise the Gnoll Enchanter began the quest for the Orb.
     0 | D:1      | Reached XP level 1. HP: 13/13 MP: 6/6
   176 | D:1      | Reached XP level 2. HP: 19/19 MP: 7/7
   279 | D:1      | Learned a level 2 spell: Ensorcelled Hibernation
   874 | D:1      | Found a faded altar of an unknown god.
  1194 | D:2      | Reached skill level 6 in Stealth
  1194 | D:2      | Reached skill level 5 in Spellcasting
  1194 | D:2      | Reached XP level 3. HP: 25/25 MP: 7/9
  1198 | D:2      | Learned a level 3 spell: Confusing Touch
  1202 | D:2      | Learned a level 3 spell: Tukima's Dance
  1332 | D:2      | Reached skill level 1 in Invocations
  1552 | D:2      | Found a runed translucent door.
  1553 | D:2      | Noticed Crazy Yiuf
  1558 | D:2      | Slain by Crazy Yiuf

Illustrated notes

Levels and vault maps discovered:
D:1:      wander_arrival_estate, layout_basic,
          shapermc_ecumenical_altar_hornbeckon
D:2:      layout_basic, minmay_pentomino_r2, uniq_crazy_yiuf_cottage

Skill      XL: |  1  2  3 |
---------------+----------+-----
Stealth        | 6 |  6.0
Spellcasting   | 5 |  5.0
Invocations    | 1 |  1.0
Fighting       | |  0.8
Short Blades   | |  2.6
Long Blades    | |  0.8
Axes           | |  0.8
Maces & Flails | |  0.8
Polearms       | |  0.8
Staves         | |  0.8
Ranged Weapons | |  0.8
Throwing       | |  0.8
Armour         | |  0.8
Dodging        | |  4.5
Shields        | |  0.8
Unarmed Combat | |  0.8
Conjurations   | |  0.5
Hexes          | |  5.4
Summonings     | |  0.5
Necromancy     | |  0.5
Translocations | |  0.5
Transmutations | |  0.5
Fire Magic     | |  0.5
Ice Magic      | |  0.5
Air Magic      | |  0.5
Earth Magic    | |  0.5
Poison Magic   | |  0.5
Evocations     | |  0.8

Action                     || total
---------------------------++-------
  Melee: Dagger            ||    80
         Bite              ||     6
         Punch             ||     1
   Cast: Ensorcelled Hiber ||     1
         Confusing Touch   ||     4
   Stab: Sleeping          ||     8
         Confused          ||     1
 Armour: Robe              ||    13
  Dodge: Dodged            ||    60

Table legend: (Time is in decaauts)
 A = Elapsed time spent in this place.
 B = Non-inter-level travel time spent in this place.
 C = Inter-level travel time spent in this place.
 D = Time resting spent in this place.
 E = Time spent auto-exploring this place.
 F = Levels seen in this place.
 G = Mean time per level.
                   A        B        C        D        E       F      G
               +--------+--------+--------+--------+--------+-----+--------+
         Total |   1552 |   1519 |     33 |    414 |    840 |   2 |  776.0 |
       Dungeon |   1552 |   1519 |     33 |    414 |    840 |   2 |  776.0 |
               +--------+--------+--------+--------+--------+-----+--------+

Top non-repeatable levels by time:
     D:1: 1086 daAuts
     D:2: 466 daAuts
